 Dungeon Sprint DCSS version 0.21.1-1-g345015f (webtiles) character file.

6600000 Fang the Axe Maniac (level 27, -21/273 HPs)
             Began as a Minotaur Gladiator on May 4, 2018.
             Was the Champion of Makhleb.
             Demolished by a destroyer
             ... wielding a +9 great sword of slicing
              (105 damage)
             ... in the Dungeon (Sprint VIII: "Arena of Blood").
             The game lasted 00:01:12 (66 turns).

Fang the Axe Maniac (Minotaur Gladiator)              Turns: 66, Time: 00:01:13

Health: -21/273    AC:  6    Str: 29    XL:     27
Magic:  26/53      EV: 32    Int:  5    God:    Makhleb [******]
Gold:   0          SH:  0    Dex: 15    Spells: 80/80 levels left

rFire    . . .     SeeInvis .   l - +∞ Axe of Woe
rCold    . . .     Gourm    .   (shield currently unavailable)
rNeg     . . .     Faith    .   b - +0 leather armour
rPois    .         Spirit   .   c - +0 hat
rElec    .         Reflect  .   (no cloak)
rCorr    .         Harm     .   (no gloves)
MR       ++...     NoTele   +   (no boots)
Stlth    +++++++++.             (no amulet)
HPRegen  0.55/turn              (no ring)
MPRegen  0.33/turn              (no ring)

@: no status effects
A: retaliatory headbutt, horns 2
a: Minor Destruction, Lesser Servant of Makhleb, Major Destruction, Greater
Servant of Makhleb, Renounce Religion


You were in the Dungeon.
You worshipped Makhleb.
Makhleb was exalted by your worship.
You were not hungry.

You visited 1 branch

Inventory:

Hand Weapons
 a - a +0 war axe
 l - the +∞ Axe of Woe (weapon)
   (You found it in the Dungeon)
Missiles
 d - 3 throwing nets (quivered)
Armour
 b - a +0 leather armour (worn)
 c - a +0 hat (worn)
Scrolls
 k - a scroll of blinking
Potions
 e - a potion of curing
 g - a potion of heal wounds
 h - a potion of haste
 i - 2 potions of magic
 j - a potion of berserk rage
Comestibles
 f - a ration


   Skills:
 O Level 27 Fighting
 O Level 27 Axes
 O Level 27 Throwing
 O Level 27 Armour
 O Level 27 Dodging
 O Level 27 Stealth
 O Level 27 Unarmed Combat
 O Level 27 Spellcasting
 O Level 27 Invocations


You had 80 spell levels left.
You didn't know any spells.

Dungeon Overview and Level Annotations

Branches:
Dungeon (1/1)

Altars:
Makhleb

Annotations:
D The Servant


Innate Abilities, Weirdness & Mutations

You reflexively headbutt those who attack you in melee.
You have a pair of horns on your head.


Message History

You hear a shout!
The meat beast appears out of thin air!
A meat beast comes into view.
You hear a shout! x2
The destroyer moves out of view.
The dread calls on the powers of darkness!
The bag of meat convulses!
The Servant convulses!
Your body is wracked with pain!
The bag of meat convulses! x2
The meat berserker convulses! x2; The bag of meat convulses! x2
The meat berserker convulses!
The large bag of meat convulses!
You hear a shout!
The Servant completely misses you.
You hear a shout!
The bag of meat completely misses you. You furiously retaliate!
You headbutt the bag of meat!
Two crawling corpses merge to form a small abomination.
The large abomination is engulfed in blazing flames.
The destroyer is engulfed in blazing flames.
The destroyer hits you with a +9 great sword of slicing!!!!
You die...

z...#_.<)_#......
..o.#....)#.X.... #
......)_))XXVX...
.....oz.###Xx......
o..###.O.X))L###...
O§.. #.O.Xo).# ...
..%..#xz%Wxx)#....
...O...xoo))O......
....W.@@§Xo......#.
....§.oXVXM.....#..
......W...§...##...
....#......W.#.....
........%....#... #
...##L#..%........
.. ........2.....
....#.....###


You could see an accursed, a tentacled monstrosity, a meat beast (wandering), 2
tyrants, The Servant, 2 destroyers, 2 sculptors of flesh, a large bag of meat
(inner flame), 8 large abominations, 4 dreads, 4 meat berserkers, 2 small
abominations, 8 bags of meat and 3 crawling corpses.

Vanquished Creatures
  11 vampire knights (D)
  24 ogres (D)
  3 two-headed ogres (D)
  2 liches (D)
  36 orcs (D)
  A skeletal warrior (D)
  4 small abominations (D)
  5 crawling corpses (D)
86 creatures vanquished.

Notes
Turn   | Place    | Note
-------+----------+-------------------------------------------
     0 | D        | Found the +∞ Axe of Woe
     0 | D        | Fang the Minotaur Gladiator began the quest for the Orb.
     0 | D        | Reached XP level 1. HP: 18/18 MP: 0/0
     3 | D        | Noticed a bag of meat
     3 | D        | Noticed a bag of meat
     3 | D        | Noticed a bag of meat
     4 | D        | Became a worshipper of Makhleb the Destroyer
     5 | D        | Noticed a bag of meat
     6 | D        | Noticed a meat berserker
     6 | D        | Killed a bag of meat
     6 | D        | Reached XP level 2. HP: 41/41 MP: 1/1
     6 | D        | Reached XP level 3. HP: 48/48 MP: 2/2
     6 | D        | Reached XP level 4. HP: 56/56 MP: 3/3
     6 | D        | Reached XP level 5. HP: 62/62 MP: 4/4
     6 | D        | Reached XP level 6. HP: 70/70 MP: 5/5
     6 | D        | Reached XP level 7. HP: 77/77 MP: 6/6
     6 | D        | Reached XP level 8. HP: 83/83 MP: 7/7
     6 | D        | Reached XP level 9. HP: 90/90 MP: 8/8
     6 | D        | Reached XP level 10. HP: 97/97 MP: 9/9
     6 | D        | Reached XP level 11. HP: 104/104 MP: 10/10
     8 | D        | Noticed a meat berserker
     8 | D        | Killed a bag of meat
     8 | D        | Reached * piety under Makhleb
     8 | D        | Reached skill level 10 in Throwing
     8 | D        | Reached XP level 12. HP: 105/116 MP: 11/11
     9 | D        | Killed a bag of meat
     9 | D        | Reached skill level 15 in Fighting
     9 | D        | Reached XP level 13. HP: 115/126 MP: 12/12
    10 | D        | Noticed a meat berserker
    10 | D        | Noticed a bag of meat
    10 | D        | Killed a meat berserker
    10 | D        | Reached skill level 27 in Axes
    10 | D        | Reached XP level 14. HP: 129/141 MP: 13/13
    12 | D        | Noticed a bag of meat
    12 | D        | Killed a meat berserker
    12 | D        | Reached ** piety under Makhleb
    12 | D        | Reached skill level 5 in Armour
    12 | D        | Reached skill level 27 in Dodging
    12 | D        | Reached XP level 15. HP: 163/163 MP: 14/14
    12 | D        | Killed a meat berserker
    12 | D        | Reached skill level 27 in Fighting
    12 | D        | Reached XP level 16. HP: 183/183 MP: 15/15
    16 | D        | Reached *** piety under Makhleb
    17 | D        | Reached skill level 27 in Throwing
    17 | D        | Reached XP level 17. HP: 191/191 MP: 16/16
    19 | D        | Noticed a meat berserker
    20 | D        | Killed a meat berserker
    22 | D        | Noticed a meat berserker
    22 | D        | Noticed a large bag of meat
    23 | D        | Noticed a destroyer
    23 | D        | Noticed a destroyer
    23 | D        | Reached skill level 27 in Armour
    24 | D        | Noticed a destroyer
    25 | D        | Killed a large bag of meat
    25 | D        | Reached **** piety under Makhleb
    25 | D        | Reached XP level 18. HP: 200/200 MP: 16/29
    26 | D        | Noticed a meat berserker
    26 | D        | Noticed a meat berserker
    27 | D        | Killed a meat berserker
    27 | D        | Reached skill level 15 in Invocations
    28 | D        | Killed a destroyer
    28 | D        | Reached XP level 19. HP: 207/207 MP: 16/36
    28 | D        | Killed a destroyer
    28 | D        | Reached ***** piety under Makhleb
    28 | D        | Reached XP level 20. HP: 216/216 MP: 16/39
    29 | D        | Noticed a meat berserker
    31 | D        | Noticed a meat berserker
    31 | D        | Killed a destroyer
    31 | D        | Reached skill level 27 in Unarmed Combat
    31 | D        | Killed a meat berserker
    31 | D        | Reached skill level 27 in Invocations
    31 | D        | Reached XP level 21. HP: 224/224 MP: 17/44
    31 | D        | Reached skill level 27 in Stealth
    32 | D        | Noticed a large bag of meat
    33 | D        | Noticed a destroyer
    34 | D        | Reached ****** piety under Makhleb
    34 | D        | Reached skill level 27 in Spellcasting
    34 | D        | Reached XP level 22. HP: 233/233 MP: 17/52
    35 | D        | Killed a destroyer
    35 | D        | Reached XP level 23. HP: 240/240 MP: 18/53
    40 | D        | Killed a large bag of meat
    40 | D        | Reached XP level 24. HP: 248/249 MP: 19/53
    41 | D        | Noticed a destroyer
    42 | D        | Killed a destroyer
    43 | D        | Noticed a destroyer
    43 | D        | Noticed a destroyer
    48 | D        | Noticed a destroyer
    49 | D        | Noticed a destroyer
    49 | D        | Reached XP level 25. HP: 257/257 MP: 21/53
    52 | D        | Killed a destroyer
    52 | D        | Reached XP level 26. HP: 266/266 MP: 22/53
    53 | D        | Killed a destroyer
    54 | D        | Noticed a destroyer
    54 | D        | Noticed a large bag of meat
    54 | D        | Noticed a tyrant
    55 | D        | Reached XP level 27. HP: 151/273 MP: 23/53
    55 | D        | Killed a destroyer
    56 | D        | Noticed The Servant
    57 | D        | Noticed a tyrant
    57 | D        | Noticed an accursed
    57 | D        | Noticed a tyrant
    59 | D        | Killed a destroyer
    60 | D        | Killed a large bag of meat
    61 | D        | Noticed a large bag of meat
    61 | D        | Noticed a destroyer
    62 | D        | Noticed a dread
    62 | D        | Noticed a dread
    63 | D        | Noticed a destroyer
    63 | D        | Noticed a tyrant
    63 | D        | Noticed a destroyer
    64 | D        | Noticed a dread
    64 | D        | Killed a tyrant
    64 | D        | Killed a tyrant
    64 | D        | Killed a destroyer
    65 | D        | Noticed a dread
    65 | D        | Killed a destroyer
    66 | D        | Noticed a meat beast
    66 | D        | Noticed a destroyer
    66 | D        | Demolished by a destroyer

Skill      XL: |  1  2  3  4  5  6  7  8  9 10 11 12 13 14 15 16 17 18 19 20 21 |
---------------+----------------------------------------------------------------+-----
Fighting       | 12 13 15 17 23 27 | 27.0
Axes           | 20 23 25 27 | 27.0
Throwing       | 9 10 11 13 17 21 27 | 27.0
Dodging        | 19 21 23 26 27 | 27.0
Armour         | 5 7 17 27 | 27.0
Stealth        | 11 17 20 25 27 | 27.0
Unarmed Combat | 13 20 23 27 | 27.0
Spellcasting   | 8 14 16 20 27 | 27.0
Invocations    | 12 18 22 27 | 27.0

Action                   |  1- 3 |  4- 6 |  7- 9 | 10-12 | 13-15 | 16-18 | 19-21 | 22-24 | 25-27 || total
-------------------------+-------+-------+-------+-------+-------+-------+-------+-------+-------++-------
Melee: Executioner's axe |     1 |       |       |     2 |     2 |     8 |     4 |    10 |    12 ||    39
Dodge: Dodged            |       |       |       |       |       |     1 |     1 |     1 |     5 ||     8
